 Dungeon Crawl Stone Soup version 0.29.1-2-gbd0b4ee654 (webtiles) character file.

Game seed: 16708760865588251393

2643 mortz the Covert (level 9, -24/48 HPs)
             Began as a Kobold Conjurer on Nov 12, 2022.
             Was a Believer of Dithmenos.
             Annihilated by a two-headed ogre
             ... wielding a +0 giant club
              (28 damage)
             ... on level 7 of the Dungeon.
             The game lasted 00:36:59 (7921 turns).

mortz the Covert (Kobold Conjurer)                  Turns: 7921, Time: 00:36:59

Health: -24/48     AC: 18    Str:  5    XL:     9   Next: 93%
Magic:  13/17      EV: 12    Int: 23    God:    Dithmenos [**....]
Gold:   314        SH:  0    Dex: 13    Spells: 11/19 levels left

rFire   . . .      SeeInvis +   a - +7 dagger (freeze)
rCold   + . .      Faith    .   (no shield)
rNeg    . . .      Spirit   .   D - +4 ring mail of the Accordion {Rampage rC+ Will+ SInv}
rPois   +          Reflect  .   (no helmet)
rElec   .          Harm     .   (no cloak)
rCorr   .          Rampage  +   g - +2 pair of gloves
Will    +....                   u - +1 pair of boots
Stlth   ++++++....              m - amulet of magic regeneration
HPRegen 0.16/turn               w - +4 ring of protection
MPRegen 0.55/turn               t - ring of poison resistance

@: wreathed by umbra
A: small, no large weapons, nightstalker 3
a: Renounce Religion, Shadow Step


You were on level 7 of the Dungeon.
You worshipped Dithmenos.
Dithmenos was pleased with you.
You visited 1 branch of the dungeon, and saw 7 of its levels.
You also visited: Ossuary.

You collected 412 gold pieces.
You spent 98 gold pieces at shops.

Inventory:

Hand Weapons
 a - a +7 dagger of freezing (weapon)
 f - a +0 hand axe
 q - a +0 dagger of venom
 r - a +0 dagger of protection
 F - a +3 falchion
Missiles
 c - 26 poisoned darts
 v - 3 boomerangs
Armour
 g - a +2 pair of gloves (worn)
 o - a +0 leather armour
 s - a +1 robe of willpower
 u - a +1 pair of boots (worn)
 D - the +4 ring mail of the Accordion (worn) {Rampage rC+ Will+ SInv}
   (You found it on level 7 of the Dungeon)

   rC:        It protects you from cold.
   SInv:      It lets you see invisible.
   Rampage:   It bestows one free step when moving towards enemies.
   Will:      It increases your willpower.
Jewellery
 m - an amulet of magic regeneration (around neck)
 t - a ring of poison resistance (right hand)
 w - a +4 ring of protection (left hand)
 B - a ring of resist corrosion
Wands
 h - a wand of mindburst (12)
 y - a wand of flame (17)
Scrolls
 n - 2 scrolls of teleportation
 x - a scroll of fog
 C - a scroll of magic mapping {unknown}
Potions
 b - 2 potions of magic
 d - 2 potions of invisibility
 e - 3 potions of cancellation
 i - 3 potions of curing
 j - a potion of flight
 k - 3 potions of lignification
 l - 3 potions of haste
 p - 2 potions of mutation
 z - 2 potions of attraction {unknown}
 A - 2 potions of degeneration {unknown}


   Skills:
 + Level 1.8 Fighting
 + Level 3.9 Short Blades
 + Level 0.1 Armour
 + Level 4.7 Dodging
 + Level 10.5 Stealth
 * Level 5.7 Spellcasting
 * Level 7.0 Conjurations
 * Level 4.7 Translocations


You had 11 spell levels left.
You knew the following spells:

 Your Spells              Type           Power      Damage    Failure   Level
a - Magic Dart            Conj           100%       1d8       2%          1
b - Searing Ray           Conj           78%        2d7       3%          2
c - Iskenderun's Mystic   Conj/Tloc      33%        2d8       36%         4
f - Foxfire               Conj/Fire      88%        2x1d8     10%         1

Your spell library contained the following spells:

 Spells                   Type           Power      Damage    Failure   Level
 Blink                    Tloc           56%        N/A       10%         2
 Conjure Flame            Conj/Fire      22%        6-21      30%         3
 Dazzling Flash           Conj/Hex       44%        N/A       30%         3
 Beastly Appendage        Tmut           12%        N/A       38%         1
 Sublimation of Blood     Necr           6%         N/A       54%         2
 Wereblood                Tmut           6%         N/A       54%         2
 Flame Wave               Conj/Fire      22%        2d8       69%         4
 Fulminant Prism          Conj/Hex       11%        3d9       69%         4
 Inner Flame              Hex/Fire       6%         N/A       77%         3
 Spider Form              Tmut/Pois      6%         N/A       77%         3
 Manifold Assault         Tloc           28%        N/A       86%         5
 Agony                    Necr           6%         N/A       100%        5
 Silence                  Hex/Air        3%         N/A       100%        5
 Starburst                Conj/Fire      11%        6d5       100%        6
 Storm Form               Tmut/Air       3%         N/A       100%        7
 Summon Hydra             Summ           3%         N/A       100%        7


Dungeon Overview and Level Annotations

Branches:
Dungeon (7/15) Zot: 25884  Temple (0/1) D:7         Ossuary (visited)

Altars:
Dithmenos
Makhleb
Yredelemnul
The Shining One

Shops:
D:2 :   D:4 **

Annotations:
D:6 Prince Ribbit
D:7 exclusions: door and hydra


Innate Abilities, Weirdness & Mutations

You are small and have problems with some larger weapons.
You are completely attuned to the shadows.


Message History

Things that are here:
a +0 robe; a +3 dire flail; a +0 robe
There is a fountain of clear blue water here.
A two-headed ogre is nearby!
The two-headed ogre shouts in stereo!
Casting: Searing Ray (safe; 3% risk of failure)
Confirm with . or Enter, or press ? or * to list all spells.
Aiming: Searing Ray (safe; 3% risk of failure)
Press: ? - help, Shift-Dir - straight line, f - two-headed ogre
Aim: a two-headed ogre, wielding a +0 giant club and a +0 giant spiked club (91% to hit)
The searing ray misses the two-headed ogre. (Press . to maintain the ray.)
The searing ray hits the two-headed ogre!
The two-headed ogre is moderately wounded.
The searing ray hits the two-headed ogre!
The two-headed ogre is moderately wounded.
The two-headed ogre hits you with a +0 giant club!!
Ouch! That really hurt!
The two-headed ogre hits you with a +0 giant spiked club.
* * * LOW HITPOINT WARNING * * *
You puncture the two-headed ogre! You freeze the two-headed ogre.
The two-headed ogre is heavily wounded.
Casting: Searing Ray (safe; 3% risk of failure)
Confirm with . or Enter, or press ? or * to list all spells.
Aiming: Searing Ray (safe; 3% risk of failure)
Press: ? - help, Shift-Dir - straight line, f/p - two-headed ogre
Aim: a two-headed ogre, wielding a +0 giant club and a +0 giant spiked club (heavily wounded, umbra, 91% to hit)
The searing ray hits the two-headed ogre.
The two-headed ogre is heavily wounded. (Press . to maintain the ray.)
The two-headed ogre hits you with a +0 giant club!
* * * LOW HITPOINT WARNING * * *
The two-headed ogre misses you.
The searing ray hits the two-headed ogre but does no damage.
The two-headed ogre is heavily wounded.
The searing ray hits the two-headed ogre!
The two-headed ogre is severely wounded.
The two-headed ogre hits you with a +0 giant club!!
Ouch! That really hurt!
You die...

.###.)# #...............<...'
.##...# ##..#.............##.#
.#....## ##...###..........#####
.....).####.....###........##
......^..#.......##........## #
.............#.......#####..#####
.[..........##.....### #........
............##..O.## ###.⌠8.....
#...............@## ##..........
##....#...........## #..>.⌠8....)
##..#####...###...###.......#.##
#<†## ##.## ##...##....⌠8.#.#
##..## #..# ##......#......# #
#...###..# ##....#########
#####..##..## ##.### ..###...#..#
##..# ....#......# ####...#


You could see a two-headed ogre.

Vanquished Creatures
  Grinder (D:5)
  A water moccasin (D:7)
  3 ice beasts
  A sky beast (D:6)
  A centaur (D:6)
  A black bear (D:6)
  2 ogres
  A phantom (D:5)
  Blork the orc (D:6)
  2 necrophages
  2 bullfrogs (D:7)
  4 scorpions
  5 wights (D:7)
  2 howler monkeys (D:5)
  A centaur zombie (Ossuary)
  2 hounds
  A jelly (D:7)
  Terence (D:2)
  2 orc wizards (D:5)
  4 iguanas
  3 hound zombies (Ossuary)
  3 mummies (Ossuary)
  7 gnolls
  13 adders
  2 white imps
  2 ufetubi
  An adder zombie (Ossuary)
  A worm (D:2)
  A dart slug (D:1)
  7 orcs
  7 ball pythons
  3 bats (D:1)
  5 endoplasms
  3 giant cockroaches
  7 goblins
  3 hobgoblins (D:2)
  5 jackals
  6 quokkas
  2 frilled lizards
  4 gnoll zombies (Ossuary)
  5 goblin zombies (Ossuary)
  3 hobgoblin zombies (Ossuary)
  4 jackal zombies (Ossuary)
  13 kobolds
  4 kobold zombies (Ossuary)
  2 orc zombies (Ossuary)
  3 quokka zombies (Ossuary)
  3 rats
  4 rat zombies (Ossuary)
164 creatures vanquished.

Notes
Turn   | Place    | Note
-------+----------+-------------------------------------------
     0 | D:1      | mortz the Kobold Conjurer began the quest for the Orb.
     0 | D:1      | Reached XP level 1. HP: 10/10 MP: 3/3
   161 | D:1      | Reached XP level 2. HP: 15/15 MP: 0/5
   252 | D:1      | Learned a level 2 spell: Searing Ray
   559 | D:1      | Reached skill level 3 in Stealth
   713 | D:1      | Reached XP level 3. HP: 19/19 MP: 4/6
   984 | D:2      | Found Athrueh's Vocational Training.
  1156 | D:2      | Reached XP level 4. HP: 24/24 MP: 8/8
  1187 | D:2      | Noticed Terence
  1195 | D:2      | Killed Terence
  1196 | D:2      | Reached skill level 4 in Stealth
  1424 | D:2      | Found a faded altar of an unknown god.
  2015 | D:3      | Reached XP level 5. HP: 28/28 MP: 5/9
  2184 | D:3      | Reached skill level 5 in Stealth
  2253 | D:3      | Found a glowing golden altar of the Shining One.
  2253 | D:3      | Found a shadowy altar of Dithmenos.
  2267 | D:3      | Became a worshipper of Dithmenos the Shadowed
  2345 | D:3      | Learned a level 1 spell: Foxfire
  2719 | D:4      | Found a burning altar of Makhleb.
  3087 | D:4      | Reached skill level 1 in Short Blades
  3087 | D:4      | Reached skill level 5 in Conjurations
  3087 | D:4      | Reached XP level 6. HP: 32/32 MP: 8/10
  3265 | D:4      | Reached skill level 6 in Stealth
  3668 | D:4      | Found Naussom's General Store.
  3670 | D:4      | Found Boraekewk's Specific Store.
  3702 | D:4      | Bought a potion of heal wounds for 70 gold pieces
  3702 | D:4      | Bought a scroll of identify for 28 gold pieces
  3839 | D:5      | Entered Level 5 of the Dungeon
  3877 | D:4      | Learned a level 4 spell: Iskenderun's Mystic Blast
  4163 | D:5      | Reached XP level 7. HP: 37/37 MP: 7/12
  4168 | D:5      | Reached skill level 7 in Stealth
  4234 | D:5      | Reached skill level 1 in Translocations
  4623 | D:5      | Noticed Grinder
  4624 | D:5      | Paralysed by Grinder for 2 turns
  4636 | D:5      | Killed Grinder
  4637 | D:5      | Reached skill level 1 in Fighting
  4637 | D:5      | Reached XP level 8. HP: 8/43 MP: 4/14
  4942 | D:5      | Reached * piety under Dithmenos
  4943 | D:5      | Reached skill level 8 in Stealth
  5534 | D:6      | Reached XP level 9. HP: 30/47 MP: 10/16
  5737 | D:6      | Noticed Prince Ribbit
  5841 | D:6      | Reached skill level 9 in Stealth
  5892 | D:6      | Reached skill level 5 in Spellcasting
  6064 | D:6      | Noticed Blork the orc
  6072 | D:6      | Killed Blork the orc
  6309 | D:6      | Found a basalt altar of Yredelemnul.
  6544 | D:7      | Found a staircase to the Ecumenical Temple.
  6552 | D:7      | Found a sand-covered staircase.
  6559 | Ossuary  | Entered an ossuary
  6688 | Ossuary  | Reached ** piety under Dithmenos
  7029 | D:7      | Noticed a two-headed ogre
  7332 | D:7      | Identified the +4 ring mail of the Accordion {Rampage rC+
                  | Will+ SInv}
  7374 | D:7      | Reached skill level 10 in Stealth
  7647 | D:7      | Noticed a seven-headed hydra
  7921 | D:7      | Annihilated by a two-headed ogre

Illustrated notes

Levels and vault maps discovered:
D:1:      enne_arrival_octagon_isle, layout_rooms, serial_glass,
          glass_columns_a, glass_columns_c
D:2:      minmay_kobold_bridge, layout_loops_ring,
          dilly_ecumenical_altar_fadedgnrine, nicolae_shop_vocational,
          uniq_terence
D:3:      layout_loops_ring, gammafunk_temple_overflow_pools
D:4:      layout_loops_cross, makhleb_heckhound_becter, nicolae_specific_store,
          chequers_serial_rivers_micro_b
D:5:      layout_loops_ring, minmay_increasing_density, uniq_grinder
D:6:      layout_loops_cross, kennysheep_little_box, uniq_blork_the_orc,
          uniq_prince_ribbit1
D:7:      cheibrodos_two_vegetables, layout_layer_cave,
          minmay_temple_entry_drinking_statues, enter_ossuary_1

Skill      XL: |  1  2  3  4  5  6  7  8  9 |
---------------+----------------------------+-----
Stealth        | 3 4 5 6 7 8 10 | 10.5
Spellcasting   | 3 4 5 |  5.7
Short Blades   | 1 2 3 |  3.9
Conjurations   | 5 6 7 |  7.0
Dodging        | 3 4 |  4.7
Translocations | 2 3 4 |  4.7
Fighting       | 1 |  1.8
Armour         | |  0.1

Action                   |  1- 3 |  4- 6 |  7- 9 || total
-------------------------+-------+-------+-------++-------
Melee: Dagger            |    17 |    28 |    79 ||   124
 Cast: Magic Dart        |    24 |    14 |       ||    38
       Searing Ray       |     7 |    14 |    46 ||    67
  Use: Scroll            |       |    11 |    11 ||    22
       Potion            |       |       |     2 ||     2
 Stab: Sleeping          |    13 |    18 |    41 ||    72
Armor: Robe              |     4 |     9 |    28 ||    41
       Ring mail         |       |       |     3 ||     3
Dodge: Dodged            |    11 |    35 |    90 ||   136
